 Dungeon Crawl Stone Soup version 0.30-b1-2-g02819fbbbe (webtiles) character file.

Game seed: 4595479600766751832

1136 maniek23 the Cleaver (level 8, -5/70 HPs)
             Began as a Minotaur Monk on July 23, 2023.
             Was a Priest of Okawaru.
             Killed by divine providence
             ... invoked by an orc priest
              (11 damage)
             ... on level 7 of the Dungeon.
             The game lasted 00:35:13 (4804 turns).

maniek23 the Cleaver (Minotaur Monk)                Turns: 4804, Time: 00:35:13

Health: -5/70      AC: 14    Str: 17    XL:     8   Next: 14%
Magic:  0/7        EV:  6    Int:  7    God:    Okawaru [***...]
Gold:   282        SH:  0    Dex: 14    Spells: 7/7 levels left

rFire   . . .        a - +0 hand axe
rCold   . . .        d - orb {light}
rNeg    . . .        g - +0 plate armour
rPois   .            (helmet restricted)
rElec   .            (no cloak)
rCorr   +            (no gloves)
SInv    .            q - +0 pair of boots
Will    .....        e - amulet of guardian spirit Stlth
                     t - ring of resist corrosion
HPRegen 0.31/turn    (no ring)
MPRegen 0.10/turn

%: guardian spirit
@: glowing
A: horns 2, retaliatory headbutt
a: Renounce Religion, Heroism


You were on level 7 of the Dungeon.
You worshipped Okawaru.
Okawaru was most pleased with you.
You visited 2 branches of the dungeon, and saw 8 of its levels.

You collected 282 gold pieces.

Inventory:

Hand Weapons
 a - a +0 hand axe (weapon)
Armour
 b - a +0 robe
 d - an orb of light (worn)
 g - a +0 plate armour (worn)
 q - a +0 pair of boots (worn)
 x - a +0 robe
Jewellery
 e - an amulet of guardian spirit (around neck)
 o - an amulet of regeneration
 t - a ring of resist corrosion (left hand)
Scrolls
 f - a scroll of blinking {unknown}
 h - 2 scrolls of vulnerability
 l - 6 scrolls of identify
 n - a scroll of noise {unknown}
 r - a scroll of enchant weapon {unknown}
 u - a scroll of immolation {unknown}
 w - 2 scrolls of fog {unknown}
 y - a scroll of amnesia {unknown}
 z - a scroll of fear {unknown}
 A - a scroll of acquirement {unknown}
Potions
 c - a potion of ambrosia
 i - 2 potions of brilliance
 j - 3 potions of flight
 k - a potion of haste {unknown}
 p - a potion of lignification {unknown}
 s - a potion of mutation {unknown}
 v - 2 potions of resistance {unknown}


   Skills:
 + Level 5.9 Fighting
 + Level 8.1 Axes
 + Level 7.2 Armour
 + Level 3.8 Dodging


You had 7 spell levels left.
You didn't know any spells.
Your spell library contained the following spells:

 Spells                   Type           Power      Damage    Failure   Level
 Freeze                   Ice            0%         1d3       100%        1
 Ensorcelled Hibernation  Hex/Ice        0%         N/A       100%        2
 Passwall                 Tmut/Erth      0%         N/A       100%        2
 Poisonous Vapours        Pois/Air       0%         N/A       100%        2
 Frozen Ramparts          Ice            0%         1d1       100%        3
 Hailstorm                Conj/Ice       0%         3d3       100%        3
 Mephitic Cloud           Conj/Pois/Air  0%         N/A       100%        3
 Swiftness                Air            0%         N/A       100%        3
 Volatile Blastmotes      Fire/Tloc      0%         2d10      100%        3
 Fulminant Prism          Conj/Hex       0%         3d5       100%        4
 Iskenderun's Mystic Bla  Conj/Tloc      0%         2d3       100%        4
 Freezing Cloud           Conj/Ice/Air   0%         6-21      100%        5
 Lee's Rapid Deconstruct  Erth           0%         3d4*      100%        5
 Orb of Destruction       Conj           0%         9d5       100%        7
 Summon Guardian Golem    Hex/Summ       Unusable   N/A       N/A         3
 Spellforged Servitor     Conj/Summ      Unusable   N/A       N/A         7

Dungeon Overview and Level Annotations

Branches:
Dungeon (7/15)             Temple (1/1) D:4

Altars:
Ashenzari
Cheibriados
Dithmenos
Elyvilon
Fedhas
Gozag
Hepliaklqana
Kikubaaqudgha
Nemelex Xobeh
Okawaru
Qazlal
Trog
Uskayaw
Wu Jian
Xom
Yredelemnul
Zin
The Shining One


Innate Abilities, Weirdness & Mutations

You have a pair of horns on your head.
You reflexively headbutt those who attack you in melee.


Message History

You are more poisoned.
You feel better. The orc hits you but does no damage.
The orc wizard hits you but does no damage.
You are poisoned.
You gain the combat prowess of a mighty hero.
You feel sick.
The orc wizard hits you with a +1 dagger of venom.
You are more poisoned.
The orc hits you but does no damage.
You closely miss the orc wizard.
The orc wizard is heavily wounded.
You feel very sick.
The orc wizard hits you but does no damage.
The orc hits you but does no damage.
You slash the orc wizard!
You kill the orc wizard!
Okawaru accepts your kill.
Reactivating autopickup.
You feel very sick.
You feel very sick. The orc closely misses you.
You hit the orc wizard. You headbutt the orc wizard.
You kill the orc wizard!
Okawaru accepts your kill.
You feel sick.
The orc hits you from afar with a +0 trident.
* * * LOW HITPOINT WARNING * * *
Your base Axes skill increases to level 8!
You feel sick.
You close the door.
You feel sick.
An orc opens the door.
You feel sick.
You feel sick.
You feel sick.
You feel sick.
You feel like a meek peon again.
You feel sick.
You feel sick.
You are no longer poisoned.
The orc priest invokes the aid of Beogh against you.
Beogh smites you!
You die...

#.....# #.#+#
#.....####.#..
#####.....').#..##
#.o.#...oo##.#....
#.#.#.....##.....#
#o#.o.....##......
#.############....
#.# #### #.#..
#@#### #...###....
#....# #.....#'###
####.###..........
#...###........
###.# ###......
#.# #...... #.#
#...... #.#
###.### #.# #.#


You could see an orc priest and an orc.

Vanquished Creatures
  A steam dragon (D:5)
  An ice beast (D:5)
  An ogre (D:5)
  A centaur (D:5)
  A phantom (D:5)
  A kobold brigand (D:6)
  A bullfrog (D:6)
  A howler monkey (D:5)
  4 hounds
  A jelly (D:6)
  3 iguanas (D:5)
  5 orc wizards
  10 adders
  A worm (D:2)
  A dart slug (D:1)
  15 orcs
  6 ball pythons
  2 endoplasms (D:3)
  3 goblins
  4 hobgoblins
  13 kobolds
  3 quokkas
  4 bats (D:2)
  2 frilled lizards (D:1)
  2 rats
87 creatures vanquished.

Vanquished Creatures (others)
  A plant (D:3)
1 creature vanquished.

Grand Total: 88 creatures vanquished

Notes
Turn   | Place    | Note
-------+----------+-------------------------------------------
     0 | D:1      | maniek23 the Minotaur Monk began the quest for the Orb.
     0 | D:1      | Reached XP level 1. HP: 19/19 MP: 0/0
   298 | D:1      | Found a faded altar of an unknown god.
   310 | D:1      | Reached XP level 2. HP: 27/27 MP: 1/1
   482 | D:2      | Reached skill level 4 in Axes
   616 | D:2      | Reached XP level 3. HP: 33/33 MP: 2/2
   801 | D:2      | Reached skill level 1 in Armour
   824 | D:2      | Found an iron altar of Okawaru.
  1334 | D:2      | Became a worshipper of Warmaster Okawaru
  1334 | D:2      | Reached * piety under Okawaru
  1334 | D:2      | Reached ** piety under Okawaru
  1476 | D:3      | Reached XP level 4. HP: 38/40 MP: 3/3
  1836 | D:3      | Found a shadowy altar of Dithmenos.
  1989 | D:4      | Reached skill level 5 in Axes
  2092 | D:4      | Reached XP level 5. HP: 47/47 MP: 2/4
  2156 | D:4      | Found a staircase to the Ecumenical Temple.
  2183 | Temple   | Entered the Ecumenical Temple
  2636 | D:5      | Entered Level 5 of the Dungeon
  2657 | D:5      | Noticed an ice beast
  2669 | D:5      | Killed an ice beast
  2670 | D:5      | Reached skill level 6 in Axes
  2670 | D:5      | Reached XP level 6. HP: 33/53 MP: 1/5
  2743 | D:5      | Found a blossoming altar of Fedhas.
  2758 | D:5      | Noticed a steam dragon
  2991 | D:5      | Reached skill level 5 in Armour
  3083 | D:5      | Found an opulent altar of Gozag.
  3159 | D:5      | Reached skill level 5 in Fighting
  3159 | D:5      | Reached XP level 7. HP: 59/61 MP: 6/6
  3177 | D:5      | Reached *** piety under Okawaru
  3178 | D:5      | Reached skill level 7 in Axes
  3617 | D:5      | Killed a steam dragon
  4310 | D:6      | Found an ornate altar of the Wu Jian Council.
  4339 | D:6      | Reached XP level 8. HP: 46/69 MP: 7/7
  4791 | D:7      | Reached skill level 8 in Axes
  4804 | D:7      | Killed from afar by an orc priest

Illustrated notes

Levels and vault maps discovered:
D:1:      minmay_arrival_cross, layout_rooms, nicolae_ecumenical_snake_handling,
          kennysheep_another_room
D:2:      layout_basic, basic_altar, columned_hall_lemuel, minmay_heptomino_h4
D:3:      layout_basic, mainiacjoe_overflow_paths, hex_tiny, serial_bayou_pond_a
D:4:      layout_cave_pools, minmay_temple_entry_trees, mrwooster_statue_mirror,
          corexii_mini_fake_secret_closet, kennysheep_windowed_goal
D:5:      layout_rooms, mainiacjoe_overflow_six_doors_small,
          mainiacjoe_overflow_small_starburst, grunt_ministairs_8
D:6:      layout_basic, nicolae_wu_jian_wuxing_cycle
D:7:      hellmonk_destroyed_diamonds, layout_basic, gammafunk_ghost_split
Temple:   nicolae_temple_two_arcs

Skill      XL: |  1  2  3  4  5  6  7  8 |
---------------+-------------------------+-----
Fighting       | 4 5 |  5.9
Axes           | 4 5 6 7 8 |  8.1
Armour         | 1 3 4 5 7 |  7.2
Dodging        | |  3.8

Action                     |  1- 3 |  4- 6 |  7- 9 || total
---------------------------+-------+-------+-------++-------
  Melee: Hand axe          |    65 |   122 |    85 ||   272
         Headbutt          |     5 |    25 |    19 ||    49
 Invoke: Heroism           |       |       |     1 ||     1
    Use: Scroll            |       |     2 |     1 ||     3
         Potion            |       |     1 |     2 ||     3
 Armour: Plate armour      |    49 |   102 |    70 ||   221
  Dodge: Dodged            |    17 |    50 |    21 ||    88
